 Dungeon Crawl Stone Soup version 0.22.1-2-g9c5b331383 (webtiles) character file.

150 Ihlosi the Slasher (level 5, -4/41 HPs)
             Began as a Human Gladiator on Nov 20, 2018.
             Slain by a wight
             ... wielding a cursed +3 halberd
              (10 damage)
             ... on level 3 of the Dungeon.
             The game lasted 00:06:00 (2102 turns).

Ihlosi the Slasher (Human Gladiator)                Turns: 2102, Time: 00:06:00

Health: -4/41      AC:  6    Str: 14      XL:     5   Next: 58%
Magic:  5/5        EV: 13    Int:  8 (9)  God:
Gold:   196        SH:  0    Dex: 15      Spells: 4/4 levels left

rFire    . . .     SeeInvis .   a - +0 long sword
rCold    . . .     Gourm    .   (no shield)
rNeg     . . .     Faith    .   b - +0 leather armour
rPois    .         Spirit   .   c - +0 helmet
rElec    .         Reflect  .   k - +1 cloak
rCorr    .         Harm     .   (no gloves)
MR       .....                  (no boots)
Stlth    +.........             (no amulet)
HPRegen  0.13/turn              (no ring)
MPRegen  0.09/turn              (no ring)

@: drained
A: no striking features
a: no special abilities


You were on level 3 of the Dungeon.
You were not hungry.

You visited 1 branch of the dungeon, and saw 4 of its levels.

You collected 196 gold pieces.

Inventory:

Hand Weapons
 a - a +0 long sword (weapon)
Missiles
 d - 3 throwing nets (quivered)
 g - 79 bolts
 n - 14 poisoned needles
Armour
 b - a +0 leather armour (worn)
 c - a +0 helmet (worn)
 k - a +1 cloak (worn)
Scrolls
 e - 4 scrolls of identify
 h - 2 scrolls of blinking {unknown}
 l - 2 scrolls of random uselessness {unknown}
 m - a scroll of fear {unknown}
 o - a scroll of enchant weapon {unknown}
 p - a scroll of noise {unknown}
 q - 2 scrolls of remove curse {unknown}
Potions
 i - 2 potions of flight
 j - 3 potions of curing
 r - a potion of mutation {unknown}
Comestibles
 f - 7 rations


   Skills:
 * Level 3.0(2.2) Fighting
 + Level 4.3(3.6) Long Blades
 - Level 2.0(1.3) Throwing
 * Level 1.8(1.1) Armour
 + Level 3.5(2.7) Dodging
 - Level 1.0(0.3) Stealth


You had 4 spell levels left.
You didn't know any spells.
Your spell library was empty.

Dungeon Overview and Level Annotations

Branches:
Dungeon (4/15)
 Temple: D:4-7

Altars:
Ashenzari


Message History

You climb upwards.
There is a stone staircase leading down here.
You closely miss the wight.
The wight hits you with an enchanted halberd.
You closely miss the wight. You hit the wight but do no damage.
The wight barely misses you.
You riposte.
You hit the wight but do no damage. You hit the wight.
The wight is lightly damaged.
The wight hits you with an enchanted halberd!
You feel drained.
You hit the wight but do no damage.
The wight is lightly damaged.
The wight hits you with an enchanted halberd!
* * * LOW HITPOINT WARNING * * *
You feel drained.
You hit the wight.
The wight is moderately damaged.
The wight hits you with an enchanted halberd!
You die...

#................## #
#####.###.######## # ### #.# #
#.# ## #.# #. #.# #♣ #.# #
#####.##### # #....@....# #
##### #.###z###.# ##...##
#.##...##.# ##♣
#.###.####.#.....#.##########..
#.# #...........##.............
#.###.####.###.....########.#..
##...## #.# #.###.# #.##. ##.##
#.###.###.# #.### #.#
#.........# #.# #


You could see a wight.

Vanquished Creatures
  A hound (D:4)
  Robin (D:2)
  2 adders
  An adder skeleton (D:2)
  2 dart slugs (D:1)
  4 leopard geckos
  An orc (D:3)
  A ball python (D:2)
  14 bats
  2 giant cockroaches (D:2)
  12 goblins
  8 hobgoblins
  3 jackals (D:3)
  A quokka (D:2)
  5 frilled lizards
  9 kobolds
  A leopard gecko skeleton (D:4)
  7 rats
75 creatures vanquished.

Notes
Turn   | Place    | Note
-------+----------+-------------------------------------------
     0 | D:1      | Ihlosi the Human Gladiator began the quest for the Orb.
     0 | D:1      | Reached XP level 1. HP: 16/16 MP: 1/1
    77 | D:1      | Reached XP level 2. HP: 20/22 MP: 2/2
   279 | D:1      | Reached XP level 3. HP: 24/27 MP: 3/3
   344 | D:1      | Reached skill level 1 in Stealth
   645 | D:2      | Found a shattered altar of Ashenzari.
   739 | D:2      | Noticed Robin
   766 | D:2      | Killed Robin
   766 | D:2      | Reached skill level 1 in Armour
   766 | D:2      | Reached XP level 4. HP: 11/34 MP: 4/4
  1296 | D:3      | Reached skill level 4 in Long Blades
  1334 | D:3      | Reached XP level 5. HP: 33/39 MP: 5/5
  1641 | D:3      | Found a faded altar of an unknown god.
  2102 | D:3      | Slain by a wight

Skill      XL: |  1  2  3  4  5 |
---------------+----------------+-----
Stealth        | 1 |  1.0
Armour         | 1 |  1.8
Long Blades    | 4 |  4.3
Fighting       | 3 |  3.0
Throwing       | |  2.0
Dodging        | |  3.5

Action                   |  1- 3 |  4- 6 || total
-------------------------+-------+-------++-------
Melee: Long sword        |    72 |   109 ||   181
  Use: Potion            |     2 |     1 ||     3
       Scroll            |       |     1 ||     1
 Stab: Sleeping          |     1 |       ||     1
  Eat: Chunk             |       |     4 ||     4
Armor: Leather armour    |    40 |    47 ||    87
Dodge: Dodged            |    75 |   108 ||   183
       Rpst.: Long sword |    30 |    32 ||    62
